 Dungeon Crawl Stone Soup version 0.19.4-8-ga85b6b9 (webtiles) character file.

176 Kosschaser the Chopper (level 5, -10/70 HPs)
             Began as a Draconian Berserker on Feb 14, 2017.
             Was a Believer of Trog.
             Mangled by an ogre
             ... wielding a cursed -2 giant club
              (22 damage)
             ... on level 4 of the Dungeon.
             The game lasted 00:10:05 (2656 turns).

Kosschaser the Chopper (Draconian Berserker)        Turns: 2656, Time: 00:10:07

Health: -10/70     AC:  5    Str: 25    XL:     5   Next: 30%
Magic:  5/5        EV: 13    Int: 10    God:    Trog [**....]
Gold:   117        SH:  0    Dex: 11    Spells: 0 memorised, 4 levels left

rFire  . . .     SeeInvis .     a - +1 hand axe
rCold  . . .     Gourm    .     (armour unavailable)
rNeg   . . .     Faith    .     (no shield)
rPois  .         Spirit   .     (helmet restricted)
rElec  .         Reflect  .     (no cloak)
rCorr  .         Harm     .     (no gloves)
MR     .....                    (no boots)
Stlth  ..........               (no amulet)
                                (no ring)
                                p - +3 ring of intelligence

@: berserking, very quick
A: unfitting armour, cold-blooded, AC +5
a: Berserk, Trog's Hand, Burn Spellbooks, Renounce Religion


You were on level 4 of the Dungeon.
You worshipped Trog.
Trog was pleased with you.
You were very hungry.

You visited 1 branch of the dungeon, and saw 4 of its levels.

You collected 117 gold pieces.

Inventory:

Hand Weapons
 a - a +1 hand axe (weapon)
Jewellery
 p - a +3 ring of intelligence (left hand)
Wands
 o - a wand of flame (1/48)
Scrolls
 i - a scroll of magic mapping {unknown}
 k - 2 scrolls of remove curse
 l - a scroll of fear {unknown}
 m - a scroll of identify {unknown}
 n - a scroll of amnesia {unknown}
Potions
 c - 2 potions of curing {unknown}
 d - 2 potions of lignification
 e - a potion of berserk rage {unknown}
 g - a potion of agility {unknown}
 j - a potion of ambrosia {unknown}
Comestibles
 b - 5 bread rations
 f - 2 meat rations
 h - a beef jerky


   Skills:
 + Level 4.3 Fighting
 + Level 4.4 Axes
 + Level 3.6 Dodging
 + Level 1.1 Stealth


You had 4 spell levels left.
You didn't know any spells.

Dungeon Overview and Level Annotations

Branches:
Dungeon (4/15)
 Temple: D:4-7

Altars:
Fedhas
Kikubaaqudgha
Okawaru
Ru

Annotations:
D:3 exclusion: oklob plant


Innate Abilities, Weirdness & Mutations

Your plain brown scales are hard. (AC +5)
You cannot fit into any form of body armour.
You are cold-blooded and may be slowed by cold attacks.


Message History

The ogre is moderately wounded.
You hit the ball python. The ogre hits you with a giant club!!
* * * LOW HITPOINT WARNING * * *
The ball python closely misses you.
* * * LOW HITPOINT WARNING * * *
The ball python constricts you.
A red film seems to cover your vision as you go berserk!
You feel yourself moving faster!
You feel mighty!
You are feeling very hungry.
The ball python closely misses you. The ball python constricts you.
The ogre barely misses you.
You hit the ogre but do no damage.
The ogre is lightly wounded.
You hit the ball python.
You kill the ball python!
Trog accepts your kill.
You slash the ogre!
The ogre is severely wounded.
The ogre hits you with a giant club!!
You die...

. #.#....#.#.#
....##...........
...........).... .
###.##.#......##.##
#.#<.........
.###.#......##.#
.............##.###..
.####.........†......
###......@O......
#.###.#####....
#.....# . #+###.# #.#
..# #.# #<# ...


You could see an ogre.

Vanquished Creatures
  A bullfrog zombie (D:3)
  Ijyb (D:2)
  Robin (D:3)
  2 adders (D:2)
  2 worms (D:3)
  2 dart slugs
  3 leopard geckos
  7 giant cockroaches
  16 goblins
  5 hobgoblins
  7 jackals
  2 ball pythons
  7 bats
  4 frilled lizards
  6 kobolds
  5 rats
71 creatures vanquished.

Vanquished Creatures (others)
  8 toadstools (D:3)
8 creatures vanquished.

Grand Total: 79 creatures vanquished

Notes
Turn   | Place    | Note
-------+----------+-------------------------------------------
     0 | D:1      | Kosschaser the Draconian Berserker began the quest for the Orb.
     0 | D:1      | Reached XP level 1. HP: 19/19 MP: 1/1
   217 | D:1      | Reached XP level 2. HP: 23/26 MP: 2/2
   897 | D:2      | Noticed Ijyb
   914 | D:2      | Killed Ijyb
   914 | D:2      | Reached XP level 3. HP: 24/33 MP: 3/3
  1061 | D:2      | Reached XP level 4. HP: 29/40 MP: 4/4
  1228 | D:2      | Reached ** piety under Trog
  1733 | D:3      | Found an iron altar of Okawaru.
  1753 | D:3      | Reached skill level 1 in Stealth
  1774 | D:3      | Noticed Robin
  1792 | D:3      | Reached XP level 5. HP: 40/46 MP: 5/5
  1810 | D:3      | Killed Robin
  2115 | D:3      | Found a sacrificial altar of Ru.
  2389 | D:3      | Found a blossoming altar of Fedhas.
  2389 | D:3      | Found an ancient bone altar of Kikubaaqudgha.
  2476 | D:3      | Found a blossoming altar of Fedhas.
  2488 | D:3      | Noticed an oklob plant
  2643 | D:4      | Noticed an ogre
  2656 | D:4      | Mangled by an ogre

Skill      XL: |  1  2  3  4 |
---------------+-------------+-----
Dodging        | 3 |  3.6
Fighting       | 4 |  4.3
Axes           | 4 |  4.4
Stealth        | 1 |  1.1

Action                   |  1- 3 |  4- 6 || total
-------------------------+-------+-------++-------
Melee: Hand axe          |    87 |   132 ||   219
       Tailslap          |    13 |    15 ||    28
Invok: Berserk           |       |     2 ||     2
       Trog's Hand       |       |     1 ||     1
  Use: Scroll            |       |     4 ||     4
       Potion            |       |     1 ||     1
 Stab: Sleeping          |     1 |     1 ||     2
  Eat: Chunk             |       |     2 ||     2
       Bread ration      |       |     1 ||     1
Armor: Skin              |    20 |    42 ||    62
Dodge: Dodged            |    70 |   107 ||   177
